 Dungeon Crawl Stone Soup version 0.27-a0-460-g297a19dbdb (webtiles) character file.

Game seed: 283758827412513138

58 tilp the Sneak (level 4, 0/27 (28) HPs)
             Began as an Octopode Transmuter on Feb 28, 2021.
             Slain by an orc
             ... wielding a +0 flail of draining
              (2 damage)
             ... on level 2 of the Dungeon.
             The game lasted 00:02:04 (1203 turns).

tilp the Sneak (Octopode Transmuter)                Turns: 1203, Time: 00:02:05

HP:   0/27 (28)     AC:  1    Str:  9    XL:     4   Next: 2%
MP:   5/7           EV: 13    Int: 16    God:
Gold: 94            SH:  4    Dex: 12    Spells: 1/7 levels left

rFire    . . .     SeeInvis .     - Unarmed
rCold    . . .     Faith    .   e - +0 buckler
rNeg     . . .     Spirit   .   (helmet restricted)
rPois    .         Reflect  .   (no amulet)
rElec    .         Harm     .   (no ring)
rCorr    .         Rampage  .   (no ring)
Will     .....                  (no ring)
Stlth    +++.......             (no ring)
HPRegen  0.09/turn              (no ring)
MPRegen  0.10/turn              (no ring)
                                (no ring)
                                (no ring)

@: wereblooded (expiring), lightly drained
A: almost no armour, stealthy swim, amphibious, 8 rings, constrict 8, camouflage
1, gelatinous body 1
a: no special abilities


You were on level 2 of the Dungeon.
You visited 1 branch of the dungeon, and saw 2 of its levels.

You collected 94 gold pieces.

Inventory:

Missiles
 b - 18 stones (quivered)
 g - 8 boomerangs
Armour
 e - a +0 buckler (worn)
Scrolls
 d - a scroll of magic mapping {unknown}
Potions
 a - a potion of brilliance
 c - a potion of flight
 f - a potion of attraction {unknown}
 h - a potion of lignification {unknown}


   Skills:
 + Level 1.0 Fighting
 - Level 2.0 Dodging
 - Level 4.0 Stealth
 - Level 2.0 Shields
 - Level 3.0 Unarmed Combat
 - Level 2.0 Spellcasting
 - Level 2.0 Transmutations


You had one spell level left.
You knew the following spells:

 Your Spells              Type           Power        Failure   Level
a - Beastly Appendage     Tmut           16%          12%         1
b - Wereblood             Tmut           8%           17%         2
c - Spider Form           Tmut/Pois      2%           45%         3

Your spell library contained the following spells:

 Spells                   Type           Power        Failure   Level
 Ice Form                 Ice/Tmut       4%           86%         4
 Blade Hands              Tmut           4%           97%         5


Dungeon Overview and Level Annotations

Branches:
Dungeon (2/15)

Altars:


Innate Abilities, Weirdness & Mutations

You cannot wear most types of armour.
You are very stealthy in the water. (Stealth+)
You are amphibious.
You can wear up to eight rings at the same time.
You can use your tentacles to constrict eight enemies at once.
Your skin changes colour to match your surroundings (Stealth+).
Your rubbery body absorbs attacks. (AC +1, EV +1)


Message History

You kill the orc!
You tentacle-slap the orc but do no damage.
You grab the orc.
You pierce the orc, but do no damage.
You squeeze the orc.
The orc is lightly wounded.
You howl as the wereblood boils in your veins!
You constrict the orc.
The orc escapes!
The orc barely misses you.
You howl as the wereblood boils in your veins!
You closely miss the orc. Your grab misses the orc.
You pierce the orc, but do no damage.
The orc is moderately wounded.
Your tentacle spike disappears.
The orc hits you with a +3 short sword.
You closely miss the orc. You grab the orc.
The orc is moderately wounded.
You constrict the orc, but do no damage.
You block the orc's attack.
You tentacle-slap the orc but do no damage.
The orc is moderately wounded.
You constrict the orc, but do no damage.
The orc barely misses you.
You tentacle-slap the orc.
The orc is almost dead.
You constrict the orc, but do no damage.
The orc hits you with a +3 short sword.
* * * LOW HITPOINT WARNING * * *
Unknown command.
You tentacle-slap the orc.
You kill the orc!
Training target 4.0 for Stealth reached!
Your Stealth skill increases to level 4!
You need to enable at least one skill for training.
You have reached level 4!
You closely miss the orc. You grab the orc.
Your primal bloodlust is almost over.
You constrict the orc.
The orc hits you with a +0 flail of draining!
* * * LOW HITPOINT WARNING * * *
You feel drained.
You die...

#.............#
#..........#
#..........#
####..##.###
##..#..# ##### ###
##.<).####...##...
####÷.÷#.........
##............
#@#..........
#o#..........
#..#.........
#.#######))....##...
..........##...# #
..o.......##..##
..o...$...##..#
......?...##..#
...o....[.###.#


You could see an orc.

Vanquished Creatures
  2 adders (D:2)
  An ooze (D:1)
  2 dart slugs
  A leopard gecko (D:1)
  4 orcs (D:2)
  3 giant cockroaches (D:1)
  A goblin (D:2)
  5 kobolds
  4 bats
  2 frilled lizards
  2 rats
27 creatures vanquished.

Notes
Turn   | Place    | Note
-------+----------+-------------------------------------------
     0 | D:1      | tilp the Octopode Transmuter began the quest for the Orb.
     0 | D:1      | Reached XP level 1. HP: 13/13 MP: 3/3
    48 | D:1      | Reached skill level 1 in Stealth
   349 | D:1      | Reached skill level 2 in Stealth
   349 | D:1      | Reached XP level 2. HP: 18/18 MP: 3/5
   354 | D:1      | Learned a level 2 spell: Wereblood
   552 | D:1      | Reached skill level 1 in Shields
   922 | D:2      | Reached XP level 3. HP: 23/23 MP: 6/6
   926 | D:2      | Learned a level 3 spell: Spider Form
   953 | D:2      | Reached skill level 3 in Stealth
  1203 | D:2      | Reached skill level 4 in Stealth
  1203 | D:2      | Reached XP level 4. HP: 8/28 MP: 5/7
  1203 | D:2      | Slain by an orc

Illustrated notes

Levels and vault maps discovered:
D:1:      dpeg_arrival_boxorama, layout_basic
D:2:      layout_rooms

Skill      XL: |  1  2  3 |
---------------+----------+-----
Stealth        | 2 4 |  4.0
Shields        | 1 2 |  2.0
Fighting       | |  1.0
Dodging        | |  2.0
Unarmed Combat | |  3.0
Spellcasting   | |  2.0
Transmutations | |  2.0

Action                   |  1- 3 |  4- 6 || total
-------------------------+-------+-------++-------
Melee: Unarmed           |    61 |     1 ||    62
       Constrict         |    18 |     1 ||    19
       Tentacles         |     7 |       ||     7
       Kick              |     5 |       ||     5
Throw: Stone             |     1 |       ||     1
 Cast: Beastly Appendage |     9 |       ||     9
       Wereblood         |     2 |       ||     2
  Use: Scroll            |     2 |       ||     2
 Stab: Sleeping          |     4 |       ||     4
Armor: Skin              |     1 |       ||     1
Dodge: Dodged            |    32 |       ||    32
Block: Buckler           |     2 |       ||     2

Table legend: (Time is in decaauts)
 A = Elapsed time spent in this place.
 B = Non-inter-level travel time spent in this place.
 C = Inter-level travel time spent in this place.
 D = Time resting spent in this place.
 E = Time spent auto-exploring this place.
 F = Levels seen in this place.
 G = Mean time per level.
                   A        B        C        D        E       F      G
               +--------+--------+--------+--------+--------+-----+--------+
         Total |   1201 |   1160 |     41 |    188 |    752 |   2 |  600.5 |
       Dungeon |   1201 |   1160 |     41 |    188 |    752 |   2 |  600.5 |
               +--------+--------+--------+--------+--------+-----+--------+

Top non-repeatable levels by time:
     D:1: 1082 daAuts
     D:2: 118 daAuts
